[Event "December 12 Early 2023"]
[Site "https://www.chess.com"]
[Date "2023.12.12"]
[Round "1"]
[White "Aronian, Levon"]
[Black "Mika, Tomasz"]
[Result "1-0"]
[Board "1"]
[TimeControl "180+1"]
[WhiteFideId "13300474"]
[BlackFideId "1132970"]
[WhiteElo "3117"]
[BlackElo "2530"]
[WhiteTeam "USA"]
[BlackTeam "POL"]
[WhiteClock "0:00:45"]
[BlackClock "0:00:05"]

1. e4 c6 2. d4 d5 3. e5 Bf5 4. c4 e6 5. Nc3 dxc4 6. Bxc4 Nd7 7. Nge2 Ne7 8. O-O Nb6 9. Bb3 h6 10. Be3 Nbd5 11. Rc1 Nxc3 12. bxc3 g5 13. Ng3 Bg6 14. Nh5 Bxh5 15. Qxh5 Qd7 16. f4 Nf5 17. Bd2 O-O-O 18. fxg5 Bg7 19. Rxf5 exf5 20. gxh6 Bxe5 21. Re1 Rhe8 22. Kh1 Bf4 23. Bxf7 Rxe1+ 24. Bxe1 Rf8 25. h7 Bh6 26. Qxh6 Qxf7 27. h8=Q 1-0

[Event "December 12 Early 2023"]
[Site "https://www.chess.com"]
[Date "2023.12.12"]
[Round "1"]
[White "Flores Quillas, Diego Saul Rodri"]
[Black "Nepomniachtchi, Ian"]
[Result "0-1"]
[Board "2"]
[TimeControl "180+1"]
[WhiteFideId "3822508"]
[BlackFideId "4168119"]
[WhiteElo "2529"]
[BlackElo "3112"]
[WhiteTeam "PER"]
[BlackTeam "RUS"]
[WhiteClock "0:01:53"]
[BlackClock "0:02:04"]

1. e4 c5 2. Nf3 d6 3. d4 cxd4 4. Nxd4 Nf6 5. f3 e5 6. Nb3 Be7 7. c4 a5 8. Be3 a4 9. N3d2 Nc6 10. Nc3 Qa5 11. Rc1 Be6 12. Ndb1 O-O 13. Be2 Nd4 14. Bxd4 exd4 15. Qxd4 Bd8 16. Qd2 Qc5 17. Nd5 Bxd5 18. cxd5 Qa7 19. Na3 Ba5 20. Rc3 Rac8 21. Nb5 Qb6 22. Qd4 Qxd4 23. Nxd4 Rxc3 0-1

[Event "December 12 Early 2023"]
[Site "https://www.chess.com"]
[Date "2023.12.12"]
[Round "1"]
[White "Andreikin, Dmitry"]
[Black "Estrada Nieto, Julian"]
[Result "1-0"]
[Board "3"]
[TimeControl "180+1"]
[WhiteFideId "4158814"]
[BlackFideId "5101018"]
[WhiteElo "3088"]
[BlackElo "2529"]
[WhiteTeam "FID"]
[BlackTeam "ESP"]
[WhiteClock "0:00:05"]
[BlackClock "0:00:00"]

1. d4 d5 2. c4 dxc4 3. e3 Nf6 4. Bxc4 e6 5. Nf3 c5 6. O-O a6 7. dxc5 Bxc5 8. Qxd8+ Kxd8 9. Ne5 Ke7 10. Be2 Nbd7 11. Nc4 Ne4 12. Nbd2 Ndf6 13. Bf3 Nd6 14. Nb3 Nxc4 15. Nxc5 Ra7 16. b3 Ne5 17. Be2 Rd8 18. Ba3 Ke8 19. Rfd1 Rxd1+ 20. Rxd1 b6 21. Na4 Nd5 22. e4 Nf4 23. Bf1 Rd7 24. Rd6 b5 25. Nb6 Rc7 26. Nxc8 Rxc8 27. Rxa6 b4 28. Bb5+ Kd8 29. Bb2 Ned3 30. Bxd3 Nxd3 31. Rd6+ Ke7 32. Rxd3 Rc2 33. Rd4 Rxb2 34. g3 Rxa2 35. Rxb4 g5 36. Kg2 Kf6 37. Kf3 h5 38. h3 Ke5 39. Rb5+ Kf6 40. h4 g4+ 41. Ke3 Rb2 42. Rxh5 Rxb3+ 43. Kf4 Rf3+ 44. Kxg4 Rxf2 45. e5+ Kg6 46. Rg5+ Kh7 47. Kh5 Rf3 48. Kg4 Rf1 49. Kh3 Rf2 50. Rg4 Re2 51. Rg5 Kh6 52. g4 Re3+ 53. Kg2 Re2+ 54. Kf3 Rh2 55. Rh5+ Kg6 56. Rh8 Kg7 57. Kg3 Rh1 58. Ra8 Re1 59. Kf4 Rf1+ 60. Kg5 Re1 61. Ra5 Re4 62. h5 Re3 63. Kf4 Re1 64. Ra7 Rf1+ 65. Kg5 Re1 66. h6+ Kg8 67. Kf6 Rf1+ 68. Ke7 Rf4 69. g5 Kh7 70. Kf8 Kg6 71. h7 Kxh7 72. Rxf7+ 1-0

[Event "December 12 Early 2023"]
[Site "https://www.chess.com"]
[Date "2023.12.12"]
[Round "1"]
[White "Rogov, Matfey"]
[Black "Le, Tuan Minh"]
[Result "0-1"]
[Board "4"]
[TimeControl "180+1"]
[WhiteFideId "44191308"]
[BlackFideId "12401153"]
[WhiteElo "2526"]
[BlackElo "3077"]
[WhiteTeam "RUS"]
[BlackTeam "VIE"]
[WhiteClock "0:00:28"]
[BlackClock "0:01:02"]

1. e4 e5 2. Nf3 Nc6 3. Nc3 Nf6 4. d4 exd4 5. Nxd4 Bc5 6. Nxc6 bxc6 7. Bd3 d6 8. O-O O-O 9. Qf3 Ng4 10. h3 Ne5 11. Qg3 f5 12. Bg5 Qe8 13. Rae1 Qf7 14. exf5 Bxf5 15. Bxf5 Qxf5 16. Be3 Bxe3 17. Qxe3 Qxc2 18. Ne4 Qxb2 19. Ng5 Rae8 20. Kh1 h6 21. Rb1 Qxa2 22. Ra1 Qc4 23. Rfc1 Qd3 24. Ne4 Qxe3 25. fxe3 Nd3 26. Rc3 Rxe4 27. Rxd3 Ra8 28. Ra6 c5 29. Rb3 Rb4 30. Rba3 Rb6 31. Rxa7 Rxa7 32. Rxa7 Rc6 33. Ra3 c4 34. Rc3 Kf7 35. g4 Ke6 36. Kg2 Kd5 37. Kf3 Rb6 38. Kf4 Rb3 39. Rc2 c3 40. Kf5 Kc4 41. Kg6 Kd3 42. Rc1 Kd2 43. Rh1 c2 44. Kxg7 Rxe3 45. Kxh6 c1=Q 46. Rxc1 Kxc1 47. h4 d5 48. g5 d4 49. g6 d3 50. g7 Rg3 51. Kh7 d2 52. h5 d1=Q 53. h6 Qd8 54. g8=Q Qxg8# 0-1

[Event "December 12 Early 2023"]
[Site "https://www.chess.com"]
[Date "2023.12.12"]
[Round "1"]
[White "Pranav, V"]
[Black "Sroczynski, Maciej"]
[Result "1-0"]
[Board "5"]
[TimeControl "180+1"]
[WhiteFideId "25060783"]
[BlackFideId "1121472"]
[WhiteElo "3066"]
[BlackElo "2525"]
[WhiteTeam "IND"]
[BlackTeam "POL"]
[WhiteClock "0:00:16"]
[BlackClock "0:00:00"]

1. e4 c5 2. Nf3 d6 3. Bb5+ Bd7 4. Bxd7+ Qxd7 5. O-O Nf6 6. Re1 Nc6 7. c3 e6 8. d4 cxd4 9. cxd4 d5 10. e5 Ne4 11. Nbd2 Nxd2 12. Bxd2 Be7 13. h4 Rc8 14. h5 h6 15. Rc1 b5 16. a4 b4 17. Be3 O-O 18. Nd2 Na5 19. Qg4 Kh8 20. b3 Rc3 21. Rb1 Rfc8 22. Rb2 Rc2 23. Rxc2 Rxc2 24. Qf3 Bf8 25. Rb1 Rc3 26. Qd1 Qc7 27. g3 Rc2 28. Nc4 Rc3 29. Nxa5 Qxa5 30. Bd2 Rc6 31. Kg2 Qc7 32. Rc1 Kg8 33. Kf3 Be7 34. Ke2 Kf8 35. f4 f6 36. exf6 gxf6 37. g4 Kg7 38. Kf3 Bd6 39. Rxc6 Qxc6 40. Qb1 Qe8 41. Qd3 f5 42. Qa6 fxg4+ 43. Kxg4 Qe7 44. a5 Kf6 45. Kf3 Qc7 46. Be3 Be7 47. Qd3 Bf8 48. Qg6+ Ke7 49. f5 exf5 50. Qh7+ Kd8 51. Qg8 Qe7 52. Qxd5+ Ke8 53. Qxf5 Qb7+ 54. Qe4+ Qxe4+ 55. Kxe4 Kd7 56. Kd5 1-0

[Event "December 12 Early 2023"]
[Site "https://www.chess.com"]
[Date "2023.12.12"]
[Round "1"]
[White "Erzhanov, Arman"]
[Black "Duda, Jan-Krzysztof"]
[Result "0-1"]
[Board "6"]
[TimeControl "180+1"]
[WhiteFideId "4138821"]
[BlackFideId "1170546"]
[WhiteElo "2524"]
[BlackElo "3059"]
[WhiteTeam "KAZ"]
[BlackTeam "POL"]
[WhiteClock "0:00:01"]
[BlackClock "0:01:03"]

1. e4 e6 2. b3 b6 3. d4 Bb7 4. Bd3 f5 5. exf5 Bxg2 6. Qh5+ g6 7. fxg6 Bg7 8. gxh7+ Kf8 9. hxg8=R+ Kxg8 10. Qg4 Bxh1 11. Bg5 Qf8 12. h4 Nc6 13. c3 Nxd4 14. cxd4 Qb4+ 15. Nd2 Qxd4 16. Qxd4 Bxd4 17. Rc1 Rf8 18. Nh3 c5 19. Ke2 Bc6 20. Rg1 Kf7 21. Nf4 Rfg8 22. Ne4 Be5 23. Ke3 Rxh4 24. Bxh4 Rxg1 25. Ng5+ Kg8 26. Ng6 Bf6 27. f4 Rg2 28. a4 Bd4# 0-1

[Event "December 12 Early 2023"]
[Site "https://www.chess.com"]
[Date "2023.12.12"]
[Round "1"]
[White "Fedoseev, Vladimir"]
[Black "Silva Lucena, Cristian"]
[Result "1/2-1/2"]
[Board "7"]
[TimeControl "180+1"]
[WhiteFideId "24130737"]
[BlackFideId "2232588"]
[WhiteElo "3058"]
[BlackElo "2524"]
[WhiteTeam "SLO"]
[BlackTeam "ESP"]
[WhiteClock "0:00:17"]
[BlackClock "0:00:06"]

1. e4 e5 2. Nf3 Nf6 3. Nxe5 Nxe4 4. Qe2 Qe7 5. Qxe4 d6 6. f4 dxe5 7. fxe5 f6 8. Nc3 Qxe5 9. Qxe5+ fxe5 10. Bc4 Bd6 11. d3 Nc6 12. Be3 Bd7 13. O-O-O O-O-O 14. Ne4 Rdf8 15. h3 h6 16. a3 Nd4 17. Rdf1 a6 18. Bxd4 exd4 19. Nxd6+ cxd6 20. Bf7 Kc7 21. Rf2 Bc6 22. Rhf1 Kb6 23. g4 a5 24. Kd2 a4 25. h4 Kc5 26. Rf5+ d5 27. h5 Rd8 28. Bg6 Rd7 29. Rf7 Rhd8 30. R1f4 Rxf7 31. Rxf7 Rd7 32. Rf8 Re7 33. Bf5 Kd6 34. c3 Kc5 35. Rc8 dxc3+ 36. bxc3 Kd6 37. Rd8+ Ke5 38. Ke3 Kf6+ 39. Kd4 Re2 40. Rf8+ Ke7 41. Rg8 Kf7 42. Rc8 Ra2 43. Rc7+ Kf6 44. Bg6 Rxa3 45. Rf7+ Ke6 46. Rxg7 Rb3 47. Bf5+ Kf6 48. Rg6+ Kf7 49. Rxh6 a3 50. Rh8 Ba4 51. g5 a2 52. g6+ Kf6 53. Rf8+ Ke7 54. Rf7+ Kd6 55. g7 a1=Q 56. g8=Q Qxc3+ 57. Ke3 Qe1+ 58. Kf4 Rb4+ 59. Kf3 Bd1+ 60. Kg2 Qe2+ 61. Kh3 Qf3+ 62. Qg3+ Qxg3+ 63. Kxg3 Bxh5 64. Rh7 Be2 65. Kf2 Bd1 66. Ke3 Kc5 67. d4+ Kc4 68. Rc7+ Kb3 69. Be6 Rb5 70. Rxb7 Rxb7 71. Bxd5+ Kc3 72. Bxb7 Bb3 73. Be4 Kb4 74. Bg6 Kb5 75. Ke4 Kc6 76. Ke5 Kc7 77. Bf5 Kd8 78. Be6 Bc2 79. Kd6 Bd1 80. Bd5 Be2 81. Bc6 Bd1 82. Be4 Be2 83. Bc6 Bd1 84. Bb5 Bc2 85. Bc4 Bd1 86. Kc5 Bc2 87. d5 Be4 88. d6 Bf3 89. Bd5 Bxd5 90. Kxd5 Kd7 91. Ke5 Kd8 92. Kd4 Ke8 93. Ke4 Kd8 94. Ke5 Kd7 95. Kd5 Kd8 96. Kc5 Kd7 97. Kd5 Kd8 98. Ke6 Ke8 99. d7+ Kd8 100. Kd6 1/2-1/2

[Event "December 12 Early 2023"]
[Site "https://www.chess.com"]
[Date "2023.12.12"]
[Round "1"]
[White "Tikhonov, Viacheslav"]
[Black "Oparin, Grigoriy"]
[Result "0-1"]
[Board "8"]
[TimeControl "180+1"]
[WhiteFideId "44196407"]
[BlackFideId "24125890"]
[WhiteElo "2522"]
[BlackElo "3052"]
[WhiteTeam "RUS"]
[BlackTeam "USA"]
[WhiteClock "0:00:00"]
[BlackClock "0:00:52"]

1. e4 c6 2. d4 d5 3. Nc3 dxe4 4. Nxe4 Nf6 5. Nxf6+ exf6 6. Bc4 Na6 7. c3 Nc7 8. Nf3 Bd6 9. h3 O-O 10. O-O Re8 11. Re1 Be6 12. Bxe6 Nxe6 13. Be3 Qd7 14. Qd3 Rad8 15. Rad1 h5 16. Nd2 g6 17. Ne4 Be7 18. Bc1 f5 19. Nd2 Qd5 20. Nb3 Bf6 21. c4 Qd6 22. d5 cxd5 23. cxd5 Nc7 24. Rxe8+ Rxe8 25. Qc4 Nxd5 26. g3 Rd8 27. Bf4 Qc6 28. Qxc6 bxc6 29. Bc1 Re8 30. Kf1 Re4 31. Na5 Re6 32. a3 h4 33. gxh4 Bxh4 34. b4 a6 35. Bb2 Nf4 36. Nb3 Re2 37. Bd4 Rc2 38. Be3 Nxh3 39. Nd4 Nxf2 40. Bxf2 Rxf2+ 41. Kg1 Ra2 42. Nxc6 Rxa3 43. Rd7 Bf6 44. Rd6 Kg7 45. Rd7 f4 46. Ra7 Ra2 47. Kf1 f3 0-1

[Event "December 12 Early 2023"]
[Site "https://www.chess.com"]
[Date "2023.12.12"]
[Round "1"]
[White "Zemlyanskii, Ivan"]
[Black "Martinez Martin, David"]
[Result "1-0"]
[Board "9"]
[TimeControl "180+1"]
[WhiteFideId "24249971"]
[BlackFideId "2209748"]
[WhiteElo "3042"]
[BlackElo "2520"]
[WhiteTeam "RUS"]
[BlackTeam "ESP"]
[WhiteClock "0:00:06"]
[BlackClock "0:00:00"]

1. d4 Nf6 2. c4 e6 3. Bf4 Bb4+ 4. Nd2 O-O 5. a3 Be7 6. e4 d6 7. Ngf3 Re8 8. Be2 e5 9. dxe5 dxe5 10. Bxe5 Nc6 11. Bc3 Bf8 12. Qc2 Qe7 13. Bd3 Bf5 14. O-O Bg6 15. Rfe1 Rad8 16. Rad1 Nh5 17. b4 Nf4 18. Bf1 f6 19. g3 Ne6 20. Bg2 Ncd4 21. Nxd4 Nxd4 22. Qb2 c5 23. bxc5 Qxc5 24. Qxb7 Nc2 25. Rf1 Qxa3 26. Bb2 Qd3 27. e5 fxe5 28. Bd5+ Kh8 29. Ne4 Bxe4 30. Rxd3 Bxd3 31. Rc1 Rb8 32. Qf7 Bc5 33. Bxe5 Rxe5 34. Qc7 Bxf2+ 35. Kxf2 Ree8 36. Rd1 Nb4 37. Qxa7 Rf8+ 38. Kg1 Nxd5 39. cxd5 Be4 40. Qd4 1-0

[Event "December 12 Early 2023"]
[Site "https://www.chess.com"]
[Date "2023.12.12"]
[Round "1"]
[White "Goltseva, Ekaterina"]
[Black "Xiong, Jeffery"]
[Result "0-1"]
[Board "10"]
[TimeControl "180+1"]
[WhiteFideId "24173770"]
[BlackFideId "2047640"]
[WhiteElo "2520"]
[BlackElo "3039"]
[WhiteTeam "RUS"]
[BlackTeam "USA"]
[WhiteClock "0:00:00"]
[BlackClock "0:00:14"]

1. d4 Nf6 2. c4 e6 3. Nc3 Bb4 4. g3 d5 5. Bg2 O-O 6. Nf3 dxc4 7. O-O Nc6 8. Qa4 Nd5 9. Qc2 Be7 10. Rd1 Ncb4 11. Qb1 Nb6 12. e4 Nd3 13. Be3 f5 14. b3 f4 15. bxc4 fxe3 16. Qxd3 exf2+ 17. Kxf2 c5 18. d5 exd5 19. Nxd5 Bg4 20. Kg1 Bxf3 21. Bxf3 Bf6 22. Rab1 Bd4+ 23. Kg2 Nd7 24. Qe2 Ne5 25. Rf1 b6 26. Bg4 Qg5 27. Be6+ Kh8 28. Rf5 Qh6 29. Rbf1 g6 30. R5f4 Rae8 31. Nc7 Rxf4 32. Rxf4 Re7 33. Qf1 Kg7 34. Rf8 Qd2+ 35. Kh1 Kh6 36. Qf6 Qe1+ 37. Kg2 Qxe4+ 38. Kh3 Rxc7 39. Bd5 Qf5+ 40. Qxf5 gxf5 41. Rxf5 Kg6 42. Be4 Kg7 43. Bd5 b5 44. cxb5 c4 45. Rf4 c3 46. Bb3 Bb6 47. Bc2 Nc4 48. Rg4+ Kf6 49. Rf4+ Ke5 50. Re4+ Kd6 51. Rh4 Ne3 52. Rh6+ Kc5 53. Rh5+ Kb4 54. Rh4+ Ka3 55. Ra4+ Kb2 56. Bd3 c2 57. Rb4+ Kxa2 58. Bxc2 Nxc2 59. Re4 Nd4 0-1

[Event "December 12 Early 2023"]
[Site "https://www.chess.com"]
[Date "2023.12.12"]
[Round "1"]
[White "Sarana, Alexey"]
[Black "Teterev, Vitaly"]
[Result "1-0"]
[Board "11"]
[TimeControl "180+1"]
[WhiteFideId "24133795"]
[BlackFideId "13501429"]
[WhiteElo "3028"]
[BlackElo "2520"]
[WhiteTeam "SRB"]
[BlackTeam "BLR"]
[WhiteClock "0:01:27"]
[BlackClock "0:00:10"]

1. d4 Nf6 2. c4 g6 3. Nc3 Bg7 4. e4 O-O 5. Bd3 d6 6. Nge2 e5 7. d5 a5 8. f3 Na6 9. Be3 Nd7 10. Qd2 Ndc5 11. Bc2 Bd7 12. a3 a4 13. h4 f5 14. exf5 Bxf5 15. h5 Nb3 16. Bxb3 axb3 17. Ng3 Bc2 18. Nce4 b6 19. Bh6 Qe7 20. hxg6 hxg6 21. Bxg7 Qxg7 22. Qg5 Nc5 23. Rh6 Nd3+ 24. Kd2 Nf4 25. Rah1 Rf7 26. Rh7 Qxh7 27. Nf6+ Rxf6 28. Rxh7 Kxh7 29. Qxf6 Rg8 30. Qh4+ Kg7 31. Qe7+ Kh6 32. Qxc7 Nxg2 33. Qxd6 Nh4 34. Qf6 Nf5 35. Nxf5+ Bxf5 36. Qxe5 1-0

[Event "December 12 Early 2023"]
[Site "https://www.chess.com"]
[Date "2023.12.12"]
[Round "1"]
[White "Gavrilov, Maxim"]
[Black "Paravyan, David"]
[Result "0-1"]
[Board "12"]
[TimeControl "180+1"]
[WhiteFideId "24271454"]
[BlackFideId "4194985"]
[WhiteElo "2518"]
[BlackElo "3019"]
[WhiteTeam "RUS"]
[BlackTeam "FID"]
[WhiteClock "0:00:26"]
[BlackClock "0:01:53"]

1. d4 Nf6 2. c4 e6 3. Nc3 Bb4 4. Nf3 O-O 5. Bg5 c5 6. Rc1 cxd4 7. Nxd4 h6 8. Bh4 d5 9. cxd5 Qxd5 10. Bxf6 gxf6 11. e3 e5 12. Qh5 Rd8 13. Rd1 exd4 14. Qxh6 dxc3 15. Rxd5 cxb2+ 16. Ke2 Rxd5 17. Qxf6 Bg4+ 18. f3 Rd2+ 19. Ke1 b1=Q# 0-1

[Event "December 12 Early 2023"]
[Site "https://www.chess.com"]
[Date "2023.12.12"]
[Round "1"]
[White "Martinez Alcantara, Jose Eduardo"]
[Black "Play, Gilles"]
[Result "1-0"]
[Board "13"]
[TimeControl "180+1"]
[WhiteFideId "3805662"]
[BlackFideId "45130892"]
[WhiteElo "3015"]
[BlackElo "2518"]
[WhiteTeam "PER"]
[BlackTeam "FRA"]
[WhiteClock "0:01:21"]
[BlackClock "0:01:10"]

1. e4 c5 2. Nf3 a6 3. c3 g6 4. d4 cxd4 5. cxd4 d5 6. e5 Bg4 7. Nbd2 Nc6 8. h3 Bxf3 9. Nxf3 e6 10. a3 h5 11. Bd3 Nh6 12. O-O Nf5 13. Bc2 Qb6 14. Bxf5 gxf5 15. Bg5 Rg8 16. h4 Be7 17. b4 Bxg5 18. hxg5 O-O-O 19. Qd2 Rg7 20. Rab1 Rdg8 21. a4 Qd8 22. b5 axb5 23. axb5 Na5 24. Ra1 b6 25. Qc3+ Kb8 26. Rfc1 Qd7 27. Rxa5 bxa5 28. Qxa5 Qb7 29. Rc6 1-0

[Event "December 12 Early 2023"]
[Site "https://www.chess.com"]
[Date "2023.12.12"]
[Round "1"]
[White "Baziuk, Vladyslav"]
[Black "Vokhidov, Shamsiddin"]
[Result "0-1"]
[Board "14"]
[TimeControl "180+1"]
[WhiteFideId "34107940"]
[BlackFideId "14204223"]
[WhiteElo "2517"]
[BlackElo "3010"]
[WhiteTeam "UKR"]
[BlackTeam "UZB"]
[WhiteClock "0:00:06"]
[BlackClock "0:01:54"]

1. e4 c5 2. Nf3 d6 3. d4 cxd4 4. Nxd4 Nf6 5. Nc3 Nc6 6. Be2 e5 7. Nb3 Be7 8. O-O O-O 9. Re1 Be6 10. Bf3 Rc8 11. Be3 Na5 12. Nxa5 Qxa5 13. Qd3 a6 14. Bg5 Rfd8 15. Bxf6 Bxf6 16. a3 Bg5 17. g3 Bc4 18. Qd1 b5 19. h4 Bh6 20. Bg4 Rc6 21. Nd5 Bxd5 22. exd5 Rc4 23. c3 Qb6 24. Qf3 g6 25. h5 Bg5 26. hxg6 hxg6 27. Kg2 Qc7 28. Rh1 Qe7 29. Rh3 e4 30. Qe2 Qe5 31. Rah1 Bf6 32. Rh6 Bg7 33. R6h4 Qxd5 34. Qe3 Re8 35. Bd7 Re7 36. Bg4 Qe5 37. Rh7 d5 38. Be2 Rc6 39. g4 d4 40. cxd4 Qxd4 41. Qh3 Rc2 42. Rh8+ Bxh8 43. Qh7+ Kf8 44. Qxh8+ Qxh8 45. Rxh8+ Kg7 0-1

[Event "December 12 Early 2023"]
[Site "https://www.chess.com"]
[Date "2023.12.12"]
[Round "1"]
[White "Drygalov, Sergey"]
[Black "Manukyan, Artyom"]
[Result "1-0"]
[Board "15"]
[TimeControl "180+1"]
[WhiteFideId "24171743"]
[BlackFideId "13305786"]
[WhiteElo "3008"]
[BlackElo "2515"]
[WhiteTeam "RUS"]
[BlackTeam "ARM"]
[WhiteClock "0:00:20"]
[BlackClock "0:00:02"]

1. d4 d5 2. c4 e6 3. Nf3 Nf6 4. Nc3 c5 5. e3 Nc6 6. a3 Ne4 7. Bd3 Nxc3 8. bxc3 Be7 9. O-O O-O 10. Nd2 b6 11. f4 Bf6 12. Bb2 Ne7 13. e4 dxe4 14. Nxe4 Nf5 15. Qf3 Ba6 16. g4 Nd6 17. Nxd6 Qxd6 18. Rad1 Rad8 19. g5 Be7 20. h4 Qc7 21. d5 exd5 22. cxd5 Bxd3 23. Rxd3 c4 24. Rd2 Qc5+ 25. Kg2 Rd7 26. Rfd1 Rfd8 27. Rd4 Bf8 28. Bc1 b5 29. f5 a5 30. h5 b4 31. axb4 axb4 32. cxb4 Qxb4 33. g6 fxg6 34. hxg6 h6 35. f6 gxf6 36. Qxf6 Qd6 37. Qf5 Bg7 38. Rxc4 Rf8 39. Qg4 Re7 40. Bf4 Qa3 41. Bg3 Qa2+ 42. Kh3 Re2 43. Re4 Rxe4 44. Qxe4 Qb3 45. Rd3 Qb1 46. Re3 Qf1+ 47. Kh2 Ra8 48. Re2 Rf8 49. d6 Qf6 50. Qe6+ Qxe6 51. Rxe6 Rd8 52. Bh4 Rd7 53. Be7 Bf8 54. Kg3 Kg7 55. Kg4 Ra7 56. Kf5 Ra5+ 57. Ke4 Ra6 58. Kd5 Ra5+ 59. Kc6 Ra6+ 60. Kb7 Ra2 61. Bxf8+ Kxf8 62. d7 Rb2+ 63. Kc7 Rc2+ 64. Rc6 Rxc6+ 65. Kxc6 1-0

[Event "December 12 Early 2023"]
[Site "https://www.chess.com"]
[Date "2023.12.12"]
[Round "1"]
[White "Pham, Le Thao Nguyen"]
[Black "Bortnyk, Olexandr"]
[Result "0-1"]
[Board "16"]
[TimeControl "180+1"]
[WhiteFideId "12401226"]
[BlackFideId "14120828"]
[WhiteElo "2515"]
[BlackElo "3004"]
[WhiteTeam "VIE"]
[BlackTeam "UKR"]
[WhiteClock "0:00:00"]
[BlackClock "0:00:47"]

1. d4 d6 2. Nf3 Nf6 3. c4 g6 4. Nc3 Bf5 5. Bg5 Bg7 6. e3 Ne4 7. Nxe4 Bxe4 8. Be2 O-O 9. O-O Bxf3 10. Bxf3 c6 11. b4 a6 12. a4 h6 13. Bh4 f5 14. h3 g5 15. Bg3 e5 16. dxe5 dxe5 17. e4 f4 18. Bh2 Nd7 19. Qb3 c5 20. Rfd1 Qe7 21. b5 a5 22. Bg4 Nb6 23. Kh1 Rad8 24. Rd5 Nxd5 25. cxd5 Rd6 26. f3 b6 27. Bg1 Kh8 28. Rc1 Rfd8 29. Rc3 Qe8 30. Bf2 h5 31. Bf5 Rh6 32. Qb1 Bf8 33. Qe1 Bd6 34. Qe2 Qe7 35. Kg1 Rf8 36. Be6 Kg7 37. Qc4 Rg6 38. Bf5 Rgf6 39. Be6 Bc7 40. Rd3 Rd8 41. Be1 Qd6 42. h4 Rxe6 43. dxe6 Qxd3 0-1

[Event "December 12 Early 2023"]
[Site "https://www.chess.com"]
[Date "2023.12.12"]
[Round "1"]
[White "Khismatullin, Denis"]
[Black "Rangel, Daniel"]
[Result "1-0"]
[Board "17"]
[TimeControl "180+1"]
[WhiteFideId "4142578"]
[BlackFideId "2124475"]
[WhiteElo "2987"]
[BlackElo "2515"]
[WhiteTeam "RUS"]
[BlackTeam "BRA"]
[WhiteClock "0:02:11"]
[BlackClock "0:00:56"]

1. c4 Nf6 2. Nc3 e6 3. Nf3 d5 4. cxd5 exd5 5. d4 Be7 6. Bf4 O-O 7. e3 c6 8. Bd3 Bg4 9. Qc2 Bh5 10. Ne5 Nbd7 11. f3 c5 12. O-O Rc8 13. Rad1 a6 14. Kh1 b5 15. Bf5 b4 16. Nxd7 Nxd7 17. Nxd5 cxd4 18. Qxc8 1-0

[Event "December 12 Early 2023"]
[Site "https://www.chess.com"]
[Date "2023.12.12"]
[Round "1"]
[White "Valle Luis, Leo"]
[Black "Terry, Renato"]
[Result "0-1"]
[Board "18"]
[TimeControl "180+1"]
[WhiteFideId "54577187"]
[BlackFideId "3803457"]
[WhiteElo "2515"]
[BlackElo "2982"]
[WhiteTeam "ESP"]
[BlackTeam "PER"]
[WhiteClock "0:00:20"]
[BlackClock "0:00:58"]

1. e4 e6 2. d4 d5 3. e5 c5 4. c3 Qb6 5. Nf3 Bd7 6. Be2 cxd4 7. cxd4 Bb5 8. O-O Bxe2 9. Qxe2 Nc6 10. Rd1 Nge7 11. Nc3 Nf5 12. Qd3 Nb4 13. Qb1 Rd8 14. a3 Nc6 15. Qd3 Na5 16. b4 Nc4 17. Nxd5 Rxd5 18. Qxc4 Be7 19. g4 Nh6 20. h3 Ng8 21. Be3 h5 22. g5 Bd8 23. Nd2 Ne7 24. Ne4 Nf5 25. Nc3 Rd7 26. Na4 Qc7 27. Qe2 b6 28. Rac1 Qb7 29. b5 g6 30. Rc6 O-O 31. Nc3 Ne7 32. Rc4 Rc7 33. Rxc7 Bxc7 34. f3 Nf5 35. Ne4 Kg7 36. Bf2 Rd8 37. Nf6 Bb8 38. d5 exd5 39. e6 Qc7 40. exf7 Qh2+ 41. Kf1 Qh1+ 42. Bg1 Ng3+ 43. Kf2 Nxe2 44. Ne8+ Kxf7 45. Kxe2 0-1

[Event "December 12 Early 2023"]
[Site "https://www.chess.com"]
[Date "2023.12.12"]
[Round "1"]
[White "Daneshvar, Bardiya"]
[Black "Korchynskyi, Mykola"]
[Result "1-0"]
[Board "19"]
[TimeControl "180+1"]
[WhiteFideId "12576468"]
[BlackFideId "34138005"]
[WhiteElo "2979"]
[BlackElo "2515"]
[WhiteTeam "IRI"]
[BlackTeam "UKR"]
[WhiteClock "0:00:49"]
[BlackClock "0:00:17"]

1. Nf3 d5 2. e3 Nf6 3. c4 e6 4. Nc3 Be7 5. b3 O-O 6. Bb2 b6 7. cxd5 exd5 8. g3 Bb7 9. Bg2 c5 10. O-O d4 11. exd4 cxd4 12. Ne2 d3 13. Nf4 Na6 14. Ne5 Bxg2 15. Kxg2 Nc5 16. Nc6 Qd7 17. Qf3 Nfe4 18. Nxe7+ Qxe7 19. Rfe1 f5 20. Qe3 Qb7 21. f3 Ng5 22. Nh5 h6 23. Bxg7 Rfe8 24. Qf2 Qf7 25. Nf6+ Kxg7 26. Nxe8+ Rxe8 27. Rxe8 Qxe8 28. Re1 Qd7 29. Qe3 Nge6 30. b4 f4 31. Qe5+ Kf7 32. bxc5 fxg3 33. Qf5+ Ke7 34. Qh7+ Ke8 35. Qg8+ Ke7 36. Qh7+ Kd8 37. Qxd7+ Kxd7 38. cxb6 axb6 39. hxg3 Nc5 40. Rh1 b5 41. Rxh6 b4 42. Kf2 b3 43. axb3 1-0

[Event "December 12 Early 2023"]
[Site "https://www.chess.com"]
[Date "2023.12.12"]
[Round "1"]
[White "Devaev, Alexander"]
[Black "Ivic, Velimir"]
[Result "0-1"]
[Board "20"]
[TimeControl "180+1"]
[WhiteFideId "4169395"]
[BlackFideId "950122"]
[WhiteElo "2514"]
[BlackElo "2965"]
[WhiteTeam "RUS"]
[BlackTeam "SRB"]
[WhiteClock "0:00:00"]
[BlackClock "0:00:20"]

1. Nf3 d5 2. d4 Nf6 3. c4 e6 4. Nc3 Nbd7 5. Bg5 h6 6. Bh4 Be7 7. e3 O-O 8. Qc2 c6 9. a3 Re8 10. Bd3 b6 11. O-O Bb7 12. Rfd1 Rc8 13. Rac1 Nh5 14. Bxe7 Qxe7 15. cxd5 exd5 16. Bf5 Rcd8 17. Bxd7 Rxd7 18. b4 Rd6 19. b5 c5 20. dxc5 bxc5 21. Na4 d4 22. Nxc5 Bxf3 23. gxf3 Rg6+ 24. Kh1 dxe3 25. Re1 Qg5 26. fxe3 Ng3+ 27. hxg3 Qxg3 28. Rg1 Qxf3+ 29. Rg2 Rxe3 30. Kg1 Rxg2+ 31. Qxg2 Qf4 32. Nd7 Qd4 33. Rc8+ Re8+ 34. Qf2 Qxf2+ 35. Kxf2 Rxc8 36. a4 Rc7 37. Ne5 Kf8 38. Ke3 Ke7 39. Kd4 Kd6 40. Nc4+ Ke6 41. a5 h5 42. Ne3 h4 0-1

[Event "December 12 Early 2023"]
[Site "https://www.chess.com"]
[Date "2023.12.12"]
[Round "1"]
[White "Nguyen, Ngoc Truong Son"]
[Black "Andrews, Todd"]
[Result "1-0"]
[Board "21"]
[TimeControl "180+1"]
[WhiteFideId "12401110"]
[BlackFideId "2012456"]
[WhiteElo "2956"]
[BlackElo "2514"]
[WhiteTeam "VIE"]
[BlackTeam "USA"]
[WhiteClock "0:00:49"]
[BlackClock "0:00:21"]

1. d4 Nf6 2. c4 c5 3. d5 b5 4. cxb5 a6 5. bxa6 g6 6. Nc3 Bg7 7. e4 O-O 8. Nf3 Qa5 9. Bd2 Bxa6 10. Bxa6 Qxa6 11. Qe2 Qxe2+ 12. Kxe2 d6 13. Rab1 Nfd7 14. Bg5 Bxc3 15. bxc3 Rxa2+ 16. Nd2 Ne5 17. Ra1 Rc2 18. Rhc1 Rxc1 19. Rxc1 f6 20. Bf4 Nbd7 21. Ra1 Rb8 22. Bxe5 Nxe5 23. f4 Nf7 24. Ra2 f5 25. Kd3 Kg7 26. Ra7 Kf6 27. g3 Rb2 28. h3 e6 29. dxe6 Kxe6 30. g4 fxe4+ 31. Nxe4 Rh2 32. f5+ gxf5 33. gxf5+ Kd5 34. Nf6+ Ke5 35. Ng4+ Kxf5 36. Nxh2 Ne5+ 37. Ke3 h5 38. Nf3 Nc4+ 39. Kf2 d5 40. Rg7 Nd6 41. Rg5+ Kf4 42. Rxd5 Ne4+ 43. Kg2 c4 44. Rd4 1-0

[Event "December 12 Early 2023"]
[Site "https://www.chess.com"]
[Date "2023.12.12"]
[Round "1"]
[White "Guerrero Olmos, Sergio"]
[Black "Zhigalko, Sergei"]
[Result "0-1"]
[Board "22"]
[TimeControl "180+1"]
[WhiteFideId "2257238"]
[BlackFideId "13502956"]
[WhiteElo "2514"]
[BlackElo "2954"]
[WhiteTeam "ESP"]
[BlackTeam "BLR"]
[WhiteClock "0:02:24"]
[BlackClock "0:02:08"]

1. d4 Nf6 2. Nf3 e6 3. Bf4 b6 4. e3 Bb7 5. Nbd2 Nh5 6. Bg5 Be7 7. Bxe7 Qxe7 8. Ne5 Nf6 9. f4 d6 10. Nef3 Nbd7 11. Bb5 O-O 12. O-O e5 13. c3 exf4 14. exf4 Qe3+ 15. Kh1 Qxf4 16. Ne5 Qg5 17. Ndf3 Bxf3 18. Nxf3 Qxb5 19. Qc2 Rfe8 20. a4 Qh5 21. h3 Ne4 0-1